 Dungeon Crawl Stone Soup version 0.17.0-24-gcfadda4 (console) character file.

23 gw the Vexing (level 2, -1/14 HPs)
             Began as a Spriggan Arcane Marksman on Nov 17, 2015.
             Slain by a giant gecko (4 damage)
             ... on level 1 of the Dungeon.
             The game lasted 00:01:37 (1243 turns).

gw the Vexing (Spriggan Arcane Marksman)            Turns: 1243, Time: 00:01:37

Health: -1/14      AC:  2    Str:  7    XL:     2   Next: 72%
Magic:  4/6        EV: 18    Int: 14    God:
Gold:   58         SH:  0    Dex: 15    Spells: 1 memorised, 5 levels left

rFire  . . .     SeeInvis +     b - +0 dagger
rCold  . . .     Clarity  .     c - +0 robe
rNeg   . . .     SustAt   .     (shield restricted)
rPois  .         Gourm    .     (helmet restricted)
rElec  .         Spirit   .     (no cloak)
rCorr  .         Warding  .     (gloves unavailable)
rMut   .         Stasis   .     (boots unavailable)
MR     .....                    (no amulet)
Stlth  +.........               (no ring)
                                (no ring)

@: very quick, not resistant to hostile enchantments, very unstealthy
A: unfitting armour, see invisible, herbivore 3, speed 3, slow metabolism 2
a: no special abilities


You were on level 1 of the Dungeon.
You were not hungry.

You visited 1 branch of the dungeon, and saw 1 of its levels.

You collected 58 gold pieces.

Inventory:

Hand Weapons
 a - a +0 hunting sling
 b - a +0 dagger (weapon)
Missiles
 f - 13 sling bullets
Armour
 c - a +0 robe (worn)
Scrolls
 i - a scroll of amnesia {unknown}
Potions
 g - 2 potions of heal wounds {unknown}
 h - a potion of flight {unknown}
 j - a potion of agility {unknown}
Books
 d - a book of Debilitation

   Spells                             Type                      Level
   a - Corona                         Hexes                        1
   b - Slow                           Hexes                        2
   c - Gell's Gravitas                Hexes/Translocation          3
   d - Inner Flame                    Hexes/Fire                   3
   e - Cause Fear                     Hexes                        4
   f - Leda's Liquefaction            Hexes/Earth                  4
Comestibles
 e - a bread ration


   Skills:
 + Level 1.0 Fighting
 + Level 0.4 Short Blades
 + Level 2.5 Slings
 + Level 3.6 Dodging
 * Level 2.5 Spellcasting
 + Level 3.7 Hexes


You had 5 spell levels left.
You knew the following spells:

 Your Spells              Type           Power        Failure   Level  Hunger
a - Corona                Hex            ##.....      6%          1    #......


Dungeon Overview and Level Annotations

Branches:
Dungeon (1/15)

Altars:


Innate Abilities, Weirdness & Mutations

You are tiny and cannot use many weapons and most armour.
You have supernaturally acute eyesight.
You are a herbivore.
You cover ground extremely quickly.
You need consume almost no food.


Message History

You barely miss the giant gecko.
The giant gecko is moderately wounded.
The giant gecko barely misses you.
ATTACKING (0,-1)
You barely miss the giant gecko.
The giant gecko is moderately wounded.
The giant gecko misses you.
ATTACKING (0,-1)
You barely miss the giant gecko.
The giant gecko is moderately wounded.
The giant gecko closely misses you. The giant gecko completely misses you.
ATTACKING (0,-1)
You barely miss the giant gecko.
The giant gecko is moderately wounded.
The giant gecko completely misses you.
ATTACKING (0,-1)
You hit the giant gecko but do no damage.
The giant gecko is moderately wounded.
The giant gecko bites you.
You die...

#### ####.# #########
(....##(...#####........
...l....................
.##.##.########.#......
#.# #.#.##### #.# #.#.#
#(# #.#.# ..##.##l#
##.#.## .....[.i#
#.....# ####.####
#.....# .. #.....# ...
#.....#### .. #.........
# #.....#### #.....####
#######........
#....)..#######


You could see a giant gecko.

Table legend:
 A = Turns spent in this place as a percentage of turns spent in the entire game.
 B = Non-inter-level travel turns spent in this place as a percentage of non-inter-level travel turns spent in the entire game.
 C = Inter-level travel turns spent in this place as a percentage of turns spent in this place.
 D = Turns resting spent in this place as a percentage of non-inter-level travel turns spent in this place.
 E = Turns spent auto-exploring this place as a percentage of non-inter-level travel turns spent in this place.
 F = Non-inter-level travel turns spent in this place divided by the number of levels of this place that you've seen.
                   A       B       C       D       E      F
               +-------+-------+-------+-------+-------+----------------------
         Total | 100.0 | 100.0 |   0.0 |   2.3 |   1.9 | 1674.0
       Dungeon | 100.0 | 100.0 |   0.0 |   2.3 |   1.9 | 1674.0
               +-------+-------+-------+-------+-------+----------------------

Table legend:
 A = Kills in this place as a percentage of kills in entire the game.
 B = Kills by you in this place as a percentage of kills by you in the entire game.
 C = Kills by friends in this place as a percentage of kills by friends in the entire game.
 D = Other kills in this place as a percentage of other kills in the entire game.
 E = Experience gained in this place as a percentage of experience gained in the entire game.
 F = Experience gained in this place divided by the number of levels of this place that you have seen.
                   A       B       C       D       E      F
               +-------+-------+-------+-------+-------+----------------------
         Total | 100.0 | 100.0 |  -nan |  -nan | 100.0 |  33.0
       Dungeon | 100.0 | 100.0 |  -nan |  -nan | 100.0 |  33.0
               +-------+-------+-------+-------+-------+----------------------

Vanquished Creatures
  2 bats (D:1)
  2 giant cockroaches (D:1)
  7 goblins (D:1)
  2 hobgoblins (D:1)
  3 jackals (D:1)
  A giant newt (D:1)
  A kobold (D:1)
  2 rats (D:1)
20 creatures vanquished.

Notes
Turn   | Place    | Note
--------------------------------------------------------------
     0 | D:1      | gw the Spriggan Arcane Marksman began the quest for the Orb.
     0 | D:1      | Reached XP level 1. HP: 9/9 MP: 3/3
   130 | D:1      | Reached skill level 1 in Fighting
   289 | D:1      | Reached XP level 2. HP: 14/14 MP: 3/5
  1243 | D:1      | Slain by a giant gecko

Action                   || total
-------------------------++-------
Melee: Dagger            ||    42
 Fire: Hunting sling     ||    29
 Cast: Corona            ||    27
 Stab: Sleeping          ||     1

Vault maps used:
D:1:      dpeg_arrival_renting
